 Dungeon Crawl Stone Soup version 0.26-a0-663-g36e8fdb655 (webtiles) character file.

Game seed: 14482506222121742071

2730 ringo67 the Fighter (level 9, 0/105 HPs)
             Began as an Ogre Fighter on Oct 11, 2020.
             Was an Initiate of Ru.
             Slain by an ogre
             ... wielding a +0 giant club
              (15 damage)
             ... on level 7 of the Dungeon.
             The game lasted 00:12:07 (6170 turns).

ringo67 the Fighter (Ogre Fighter)                  Turns: 6170, Time: 00:12:08

Health: 0/105      AC:  4    Str: 29    XL:     9   Next: 67%
Magic:  9/9        EV:  7    Int:  9    God:    Ru [......]
Gold:   385        SH: 19    Dex:  8    Spells: 8/8 levels left

rFire    . . .     SeeInvis .   d - +9 hand axe of Weopukot {freeze, rPois rC+}
rCold    + . .     Faith    .   E - +5 tower shield "Juus" {Str+4 Stlth+}
rNeg     . . .     Spirit   .   b - +0 robe
rPois    +         Reflect  .   (helmet restricted)
rElec    .         Harm     .   p - +0 cloak
rCorr    .         Rampage  .   (gloves unavailable)
MR       .....                  (boots unavailable)
Stlth    ++........             y - amulet of regeneration
HPRegen  0.67/turn              f - ring of poison resistance
MPRegen  0.11/turn              (no ring)

@: marked
A: large, unfitting armour, tough skin 1
a: Renounce Religion


You were on level 7 of the Dungeon.
You worshipped Ru.
Ru was noncommittal.
You visited 2 branches of the dungeon, and saw 8 of its levels.
You also visited: Ossuary.

You collected 385 gold pieces.

Inventory:

Hand Weapons
 a - a +0 flail
 d - the +9 hand axe of Weopukot (weapon) {freeze, rPois rC+}
   (You found it on level 4 of the Dungeon)

   It has been specially enchanted to freeze those struck by it, causing extra
   injury to most foes and up to half again as much damage against particularly
   susceptible opponents.
   It can also slow down cold-blooded creatures.
   It protects you from cold.
   It protects you from poison.
 r - a +1 giant club
Missiles
 o - 5 poisoned darts (quivered)
 u - 4 large rocks
Armour
 b - a +0 robe (worn)
 c - a +0 kite shield
 p - a +0 cloak (worn)
 E - the +5 tower shield "Juus" (worn) {Str+4 Stlth+}
   (You found it on level 6 of the Dungeon)

   It affects your strength (+4).
   It makes you more stealthy.
Jewellery
 f - a ring of poison resistance (left hand)
 y - an amulet of regeneration (around neck)
Wands
 m - a wand of iceblast (8)
 v - a wand of polymorph (20)
 z - a wand of disintegration (18)
Scrolls
 i - 3 scrolls of blinking
 k - 3 scrolls of identify
 n - a scroll of enchant weapon
 q - a scroll of vulnerability {unknown}
 s - 3 scrolls of enchant armour {unknown}
 t - a scroll of immolation {unknown}
 w - a scroll of random uselessness {unknown}
 A - 4 scrolls of remove curse {unknown}
 C - 3 scrolls of summoning {unknown}
Potions
 e - a potion of curing
 g - 2 potions of might
 h - a potion of heal wounds {unknown}
 j - 4 potions of brilliance
 l - 5 potions of lignification
 x - a potion of berserk rage {unknown}
 B - a potion of cancellation
 D - 3 potions of mutation {unknown}


   Skills:
 * Level 11.2 Fighting
 * Level 7.7 Maces & Flails
 + Level 5.9 Dodging
 - Level 2.6 Shields


You had 8 spell levels left.
You didn't know any spells.
Your spell library contained the following spells:

 Spells                   Type           Power        Failure   Level
 Confusing Touch          Hex            #.......     100%        3
 Gell's Gravitas          Tloc           #.........   100%        3
 Petrify                  Tmut/Erth      #.......     100%        4
 Metabolic Englaciation   Hex/Ice        #.........   100%        5
 Yara's Violent Unravell  Hex/Tmut       #.........   100%        5


Dungeon Overview and Level Annotations

Branches:
Dungeon (7/15)             Temple (1/1) D:5         Ossuary (visited)

Altars:
Ashenzari
Dithmenos
Elyvilon
Fedhas
Gozag
Nemelex Xobeh
Ru
Trog
Uskayaw
Vehumet
Wu Jian
Xom
Zin
The Shining One

Annotations:
D:6 3 runed translucent doors, droidtality's ghost, novice TrWr
D:7 Dowan; Duvessa


Innate Abilities, Weirdness & Mutations

You are too large for most types of armour.
You have tough skin. (AC +1)


Message History

You hit the killer bee. You freeze the killer bee.
The killer bee is heavily wounded.
You block the killer bee's attack. x2
You slash the killer bee! You freeze the killer bee.
You kill the killer bee!
You block the shadow imp's attack.
You closely miss the shadow imp. You block the shadow imp's attack.
You slash the shadow imp!
The shadow imp is almost dead.
The shadow imp hits you but does no damage.
You slash the shadow imp!
You kill the shadow imp!
You slash the ogre! You freeze the ogre. You block the ogre's attack.
Your shield prevents you from hitting the ogre.
The ogre is heavily wounded.
You block the ogre's attack.
You hit the ogre but do no damage.
The ogre is heavily wounded.
The ogre hits you with a +0 giant club!
You die...

###### ####....########
######### ................
........#
#########...(################.#
...........y.)@O...............
#####..†#####################.#
#...# ####.# #####y..# #.....
#......@.# #..... #....[...#
#..... #....(...# ######
#......... ......#....


You could see an ogre and a killer bee.

Vanquished Creatures
  Harold (D:7)
  Pikel (D:6)
  A sky beast (D:6)
  2 ogres
  2 centaurs
  A lemure (D:6)
  An elf zombie (Ossuary)
  A bullfrog (D:6)
  A scorpion (D:5)
  6 killer bees (D:7)
  4 centaur zombies
  A jelly (D:5)
  A bullfrog skeleton (D:4)
  2 orc priests (D:3)
  Crazy Yiuf (D:2)
  2 human zombies (Ossuary)
  An orc wizard (D:4)
  2 iguanas
  2 worker ants
  2 big kobold zombies (Ossuary)
  2 hound skeletons (D:5)
  2 mummies (Ossuary)
  A worker ant zombie (D:5)
  5 adders
  2 shadow imps
  A white imp (D:5)
  2 oozes (D:3)
  An adder skeleton (D:4)
  2 adder zombies (Ossuary)
  2 worms
  A dart slug (D:3)
  3 leopard geckos
  9 orcs
  6 giant cockroaches
  9 goblins
  4 hobgoblins
  2 jackals (D:6)
  4 kobolds
  2 quokkas
  2 ball pythons (D:3)
  4 bats
  8 frilled lizards
  7 hobgoblin zombies (Ossuary)
  9 kobold zombies (Ossuary)
  11 orc zombies (Ossuary)
  6 rats
  A rat zombie (Ossuary)
143 creatures vanquished.

Notes
Turn   | Place    | Note
-------+----------+-------------------------------------------
     0 | D:1      | ringo67 the Ogre Fighter began the quest for the Orb.
     0 | D:1      | Reached XP level 1. HP: 24/24 MP: 1/1
    91 | D:1      | Reached XP level 2. HP: 31/32 MP: 2/2
   664 | D:2      | Found a sparkling altar of Nemelex Xobeh.
   768 | D:2      | Reached XP level 3. HP: 29/40 MP: 3/3
  1175 | D:2      | Found a runed translucent door.
  1176 | D:2      | Noticed Crazy Yiuf
  1411 | D:2      | Reached skill level 5 in Fighting
  1411 | D:2      | Reached XP level 4. HP: 37/50 MP: 4/4
  1718 | D:2      | Killed Crazy Yiuf
  1884 | D:3      | Reached XP level 5. HP: 57/57 MP: 5/5
  2598 | D:4      | Found a radiant altar of Vehumet.
  2744 | D:4      | Reached skill level 6 in Fighting
  2767 | D:4      | Reached XP level 6. HP: 58/67 MP: 6/6
  2902 | D:4      | HP: 1/68 [iguana (5)]
  2907 | D:4      | HP: 2/102 [adder (2)]
  3324 | D:4      | Got a jewelled hand axe
  3589 | D:4      | Identified the +9 hand axe of Weopukot {freeze, rPois rC+}
                  | (You found it on level 4 of the Dungeon)
  3597 | D:5      | Entered Level 5 of the Dungeon
  3619 | D:5      | Reached skill level 7 in Fighting
  3619 | D:5      | Reached XP level 7. HP: 49/78 MP: 7/7
  3920 | D:5      | Found a staircase to the Ecumenical Temple.
  3928 | Temple   | Entered the Ecumenical Temple
  3963 | Temple   | Became a worshipper of Ru the Awakened
  4030 | D:5      | Found a shadowy altar of Dithmenos.
  4137 | D:5      | Reached skill level 5 in Maces & Flails
  4553 | D:6      | Found a sand-covered staircase.
  4563 | Ossuary  | Entered an ossuary
  4684 | Ossuary  | Reached skill level 8 in Fighting
  4706 | Ossuary  | Reached XP level 8. HP: 82/88 MP: 8/8
  4957 | D:6      | Noticed Pikel
  4985 | D:6      | Killed Pikel
  4985 | D:6      | Reached skill level 9 in Fighting
  4985 | D:6      | Reached skill level 5 in Dodging
  5024 | D:6      | Found a runed translucent gate.
  5025 | D:6      | Found a runed translucent gate.
  5031 | D:6      | Found a runed translucent gate.
  5031 | D:6      | Noticed droidtality's ghost (novice TrWr)
  5097 | D:6      | Reached XP level 9. HP: 42/101 MP: 9/9
  5340 | D:6      | Reached skill level 10 in Fighting
  5578 | D:6      | Got a pitted tower shield
  5589 | D:6      | Identified the +5 tower shield "Juus" {Str+4 Stlth+} (You
                  | found it on level 6 of the Dungeon)
  5984 | D:7      | Noticed Duvessa
  5984 | D:7      | Noticed Dowan
  6125 | D:7      | Noticed Harold
  6155 | D:7      | Killed Harold
  6155 | D:7      | Reached skill level 11 in Fighting
  6170 | D:7      | Slain by an ogre

Illustrated notes

Levels and vault maps discovered:
D:1:      lemuel_arrival_rhombus, layout_basic
D:2:      layout_loops_ring, lemuel_crystal_altar, uniq_crazy_yiuf_cottage
D:3:      layout_rooms
D:4:      layout_basic, overflow_temple_1_default
D:5:      cheibrodos_helix_gallery, layout_cave_pools,
          minmay_temple_entry_overgrown, grunt_dithmenos_smoke
D:6:      layout_basic, enter_ossuary_1, gammafunk_ghost_necromancy,
          st_stairs_6, uniq_pikel
D:7:      layout_basic, gammafunk_temple_overflow_wave, uniq_harold,
          uniq_menkaure, uniq_duvessa
Temple:   regret_index_temple_mists

Skill      XL: |  1  2  3  4  5  6  7  8  9 |
---------------+----------------------------+-----
Maces & Flails | 2 3 4 5 6 7 |  7.7
Dodging        | 3 4 5 |  5.9
Fighting       | 5 6 7 8 9 11 | 11.2
Shields        | |  2.6

Action                   |  1- 3 |  4- 6 |  7- 9 || total
-------------------------+-------+-------+-------++-------
Melee: Flail             |   132 |   116 |       ||   248
       Hand axe          |       |     6 |   233 ||   239
Throw: Dart              |       |       |     4 ||     4
Invok: Reject Sacrifices |       |       |     1 ||     1
  Use: Potion            |       |     5 |       ||     5
       Scroll            |       |       |     7 ||     7
 Stab: Sleeping          |     1 |       |       ||     1
Armor: Robe              |    40 |    17 |    27 ||    84
       Skin              |       |    30 |       ||    30
Dodge: Dodged            |    70 |    43 |    54 ||   167
Block: Kite shield       |    64 |    82 |    71 ||   217
       Tower shield      |       |       |    33 ||    33

Table legend: (Time is in decaauts)
 A = Elapsed time spent in this place.
 B = Non-inter-level travel time spent in this place.
 C = Inter-level travel time spent in this place.
 D = Time resting spent in this place.
 E = Time spent auto-exploring this place.
 F = Levels seen in this place.
 G = Mean time per level.
                   A        B        C        D        E       F      G
               +--------+--------+--------+--------+--------+-----+--------+
         Total |   6316 |   6076 |    240 |    843 |   3956 |   9 |  701.8 |
       Dungeon |   5937 |   5717 |    220 |    843 |   3868 |   7 |  848.1 |
        Temple |     69 |     49 |     20 |      0 |     36 |   1 |   69.0 |
       Ossuary |    309 |    309 |      0 |      0 |     52 |   1 |  309.0 |
               +--------+--------+--------+--------+--------+-----+--------+

Top non-repeatable levels by time:
     D:2: 1279 daAuts
     D:6: 1186 daAuts
     D:4: 1096 daAuts
     D:5: 902 daAuts
     D:3: 668 daAuts
     D:1: 633 daAuts
 Ossuary: 309 daAuts
     D:7: 170 daAuts
  Temple: 69 daAuts
